 Dungeon Crawl Stone Soup version 0.29.0-7-g18a832c13a (webtiles) character file.

Game seed: 3802388646053922710

134 ProzacElf the Sneak (level 5, 0/28 HPs)
             Began as a Kobold Necromancer on Aug 30, 2022.
             Was a Believer of Fedhas.
             Slain by an orc wizard
             ... wielding a +0 dagger
              (2 damage)
             ... on level 3 of the Dungeon.
             The game lasted 00:07:40 (3787 turns).

ProzacElf the Sneak (Kobold Necromancer)            Turns: 3787, Time: 00:07:40

Health: 0/28       AC:  3    Str:  6 (7)  XL:     5   Next: 40%
Magic:  3/7        EV: 14    Int: 15 (16) God:    Fedhas [**....]
Gold:   94         SH:  0    Dex: 15 (16) Spells: 1/9 levels left

rFire   . . .      SeeInvis .   a - +0 mace
rCold   . . .      Faith    .   (no shield)
rNeg    . . .      Spirit   .   l - +0 leather armour
rPois   +          Reflect  .   (no helmet)
rElec   .          Harm     .   (no cloak)
rCorr   .          Rampage  .   (no gloves)
Will    .....                   (no boots)
Stlth   ++++......              (no amulet)
HPRegen 0.09/turn               (no ring)
MPRegen 0.10/turn               (no ring)

@: flying, very slightly contaminated
A: small, no large weapons, nightstalker 3, low MP 1, poison resistance
a: Renounce Religion, Wall of Briars


You were on level 3 of the Dungeon.
You worshipped Fedhas.
Fedhas was pleased with you.
You visited 1 branch of the dungeon, and saw 3 of its levels.

You collected 94 gold pieces.

Inventory:

Hand Weapons
 a - a +0 mace (weapon)
 b - a +0 dagger
Missiles
 p - 5 poisoned darts (quivered)
Armour
 d - a +0 robe
 f - a +0 buckler
 j - a +0 ring mail
 l - a +0 leather armour (worn)
Scrolls
 g - a scroll of butterflies {unknown}
 k - a scroll of blinking {unknown}
 o - 2 scrolls of identify {unknown}
Potions
 c - a potion of mutation
 e - 2 potions of magic
 i - a potion of curing
 n - a potion of berserk rage {unknown}


   Skills:
 + Level 3.0 Short Blades
 - Level 2.4 Dodging
 - Level 5.0 Stealth
 - Level 2.5 Spellcasting
 - Level 4.0 Necromancy
 + Level 2.5 Invocations


You had one spell level left.
You knew the following spells:

 Your Spells              Type           Power      Damage    Failure   Level
a - Necrotise             Necr           52%        1d6       6%          1
b - Vampiric Draining     Necr           13%        2d6       19%         3
x - Animate Dead          Necr           13%        N/A       54%         4

Your spell library contained the following spells:

 Spells                   Type           Power      Damage    Failure   Level
 Agony                    Necr           13%        N/A       87%         5


Dungeon Overview and Level Annotations

Branches:
Dungeon (3/15)

Altars:
Fedhas


Innate Abilities, Weirdness & Mutations

You are small and have problems with some larger weapons.
You are completely attuned to the shadows.
Your magical capacity is low. (-10% MP)
Your system is resistant to poisons. (rPois)


Message History

A puff o' flame appears from outta thin air!
Tha puff o' flame misses ye.
Unknown command.
Castin': Vampiric Drainin' (quite dangerous; 17% risk o' failure) Confirm wit' . or Enter, or press ? or * ta list all spells.
Aimin': Necrotise (safe; 6% risk o' failure)
Press: ? - help, Shift-Dir - straight line, f/p - orc
Aim: an orc, wieldin' a +0 flail an' wearin' a +0 scale mail (chance ta affect: 84%) Somethin' writhas in agony.
Somethin' barely misses ye.
Ye now haf 3/7 mp.
Castin': Necrotise (safe; 6% risk o' failure) Confirm wit' . or Enter, or press ? or * ta list all spells.
Aimin': Necrotise (safe; 6% risk o' failure)
Press: ? - help, Shift-Dir - straight line, f/p - orc
Aim: an orc, wieldin' a +0 flail an' wearin' a +0 scale mail (chance ta affect: 84%) Ye miscast Necrotise.
Nuthin' appears ta happ'n.
Somethin' hits ye.
Ye take 1 damage, an' haf 12/28 hp.
Ye miss somethin'.
Somethin' completely misses ye.
Somethin' closely misses ye.
Ye hit somethin' but do nay damage.
Ye hear some strange, mumbled words.
A magic dart appears from outta thin air!
Tha magic dart hits ye.
* * * LOW HITPOINT WARNIN'
* * * Ye take 5 damage, an' haf 7/28 hp.
Ye barely miss somethin'.
Somethin' hits ye.
* * * LOW HITPOINT WARNIN'
* * * Somethin' hits ye.
* * * LOW HITPOINT WARNIN'
* * * Ye take 3 damage, an' haf 4/28 hp.
It was a potion o' degeneration.
Thar was somethin' very wrong wit tha liquid.
Ye feel weaken'd.
Ye feel dopey.
Ye feel clumsy.
Somethin' hits ye.
* * * LOW HITPOINT WARNIN'
* * * Ye take 3 damage, an' haf 1/28 hp.
It was a potion o' flight.
Ye feel very buoyant.
Ye fly up inta tha air.
Somethin' hits ye.
Ye die...
Fedhas appreciates yer contribution ta tha ecosystem.

#...#### #.#.....# #[..
#.......# .... #####†......#
....#.[.#........# #..#
...†.##.#...#....# #..#
........#...'....# #..##
##...##.....#....# #...##+###
##$.o..#...###@## ###........#.
##.##....<..#{####..........#.
...##+####...o.##..#.#......#.
#.... .........#..##.#......#.
#.................###..........
#......S.........#########'####
#..........................#
###..†.# ## ##.##....##.....#
.......##... #.##.##.##.....#


You could see an orc.

Vanquished Creatures
  6 adders
  A worm (D:3)
  2 dart slugs (D:3)
  An orc (D:3)
  2 endoplasms
  2 giant cockroaches
  10 goblins
  8 hobgoblins
  7 jackals (D:2)
  4 quokkas
  2 ball pythons
  6 bats
  4 frilled lizards
  4 kobolds
  5 rats
64 creatures vanquished.

Vanquished Creatures (collateral kills)
  A hobgoblin (D:1)
  2 jackals (D:2)
3 creatures vanquished.

Vanquished Creatures (others)
  A giant cockroach (D:3)
1 creature vanquished.

Grand Total: 68 creatures vanquished

Notes
Turn   | Place    | Note
-------+----------+-------------------------------------------
     0 | D:1      | ProzacElf the Kobold Necromancer began the quest for the
                  | Orb.
     0 | D:1      | Reached XP level 1. HP: 10/10 MP: 3/3
   258 | D:1      | Reached skill level 3 in Stealth
   342 | D:1      | Reached XP level 2. HP: 15/15 MP: 3/5
  1052 | D:1      | Reached skill level 4 in Stealth
  1178 | D:1      | Reached XP level 3. HP: 19/19 MP: 6/6
  1182 | D:1      | Learned a level 3 spell: Vampiric Draining
  1266 | D:1      | Found a faded altar of an unknown god.
  1404 | D:1      | Prayed at the altar of an unknown god.
  1404 | D:1      | Became a worshipper of Fedhas Madash
  1404 | D:1      | Reached * piety under Fedhas
  1928 | D:2      | Reached skill level 5 in Stealth
  1934 | D:2      | Reached skill level 1 in Short Blades
  1934 | D:2      | Reached skill level 1 in Invocations
  1934 | D:2      | Reached XP level 4. HP: 24/24 MP: 0/7
  1977 | D:2      | Learned a level 4 spell: Animate Dead
  2096 | D:2      | Reached ** piety under Fedhas
  2996 | D:3      | Reached XP level 5. HP: 28/28 MP: 8/8
  3537 | D:3      | Gained mutation: Your magical capacity is low. (-10% MP)
                  | [potion of mutation]
  3537 | D:3      | Gained mutation: Your system is resistant to poisons.
                  | (rPois) [potion of mutation]
  3786 | D:3      | HP: 1/28 [something (3)]
  3787 | D:3      | Slain by an orc wizard

Illustrated notes

Levels and vault maps discovered:
D:1:      dpeg_arrival_morbid_curiosity, layout_loops_corners,
          hellmonk_ecumenical_altar_prayer_group
D:2:      layout_rooms, minmay_tetromino_o4
D:3:      layout_basic, uniq_natasha

Skill      XL: |  1  2  3  4  5 |
---------------+----------------+-----
Stealth        | 3 4 5 |  5.0
Short Blades   | 1 2 3 |  3.0
Invocations    | 1 2 |  2.5
Dodging        | |  2.4
Spellcasting   | |  2.5
Necromancy     | |  4.0

Action                   |  1- 3 |  4- 6 || total
-------------------------+-------+-------++-------
Melee: Mace              |    29 |    62 ||    91
       Dagger            |    26 |    24 ||    50
       Punch             |     1 |     1 ||     2
 Cast: Necrotise         |    16 |    34 ||    50
  Use: Potion            |       |     4 ||     4
 Stab: Sleeping          |    16 |    11 ||    27
Armor: Robe              |    12 |     1 ||    13
       Leather armour    |       |    11 ||    11
Dodge: Dodged            |    35 |   103 ||   138
